 Dungeon Crawl Stone Soup version 0.29-a0-1009-g60c99734e7 (webtiles) character file.

Game seed: 5189507587385598195

88 Vriden the Chopper (level 4, 0/37 HPs)
             Began as a Human Berserker on Aug 8, 2022.
             Was a Believer of Trog.
             Slain by an orc
             ... wielding a +0 trident
              (1 damage)
             ... on level 3 of the Dungeon.
             The game lasted 00:10:43 (2361 turns).

Vriden the Chopper (Human Berserker)                Turns: 2361, Time: 00:10:43

Health: 0/37       AC: 11    Str: 19    XL:     4   Next: 82%
Magic:  4/4        EV:  8    Int:  7    God:    Trog [**....]
Gold:   58         SH:  0    Dex: 13    Spells: 3/3 levels left

rFire   . . .      SeeInvis .   a - +0 hand axe
rCold   . . .      Faith    .   (no shield)
rNeg    . . .      Spirit   .   o - +0 chain mail
rPois   .          Reflect  .   n - +0 helmet
rElec   .          Harm     .   s - +0 cloak
rCorr   .          Rampage  .   (no gloves)
Will    .....                   (no boots)
Stlth   ..........              (no amulet)
HPRegen 0.12/turn               (no ring)
MPRegen 0.09/turn               (no ring)

@: confused
A: no striking features
a: Renounce Religion, Berserk, Trog's Hand


You were on level 3 of the Dungeon.
You worshipped Trog.
Trog was pleased with you.
You visited 1 branch of the dungeon, and saw 3 of its levels.

You collected 58 gold pieces.

Inventory:

Hand Weapons
 a - a +0 hand axe (weapon)
 i - a +0 dagger
Missiles
 d - 29 stones
 t - 6 boomerangs (quivered)
Armour
 b - a +0 animal skin
 n - a +0 helmet (worn)
 o - a +0 chain mail (worn)
 s - a +0 cloak (worn)
 v - a +0 ring mail
Scrolls
 e - 2 scrolls of teleportation {unknown}
 f - a scroll of immolation {unknown}
 h - a scroll of fear {unknown}
 j - a scroll of amnesia {unknown}
 k - a scroll of acquirement {unknown}
 m - a scroll of enchant weapon {unknown}
 p - 2 scrolls of identify {unknown}
 q - a scroll of blinking {unknown}
 r - a scroll of enchant armour {unknown}
 u - 2 scrolls of torment {unknown}
Potions
 c - 2 potions of attraction {unknown}
 l - a potion of haste {unknown}


   Skills:
 + Level 3.8 Fighting
 + Level 4.1 Axes
 + Level 2.2 Armour
 + Level 2.3 Dodging


You had 3 spell levels left.
You didn't know any spells.
Your spell library contained the following spells:

 Spells                   Type           Power      Damage    Failure   Level
 Apportation              Tloc           0%         N/A       99%         1
 Necrotise                Necr           0%         1d4       99%         1
 Slow                     Hex            0%         N/A       99%         1
 Summon Small Mammal      Summ           0%         N/A       99%         1
 Confusing Touch          Hex            0%         N/A       100%        3
 Vampiric Draining        Necr           0%         2d6       100%        3


Dungeon Overview and Level Annotations

Branches:
Dungeon (3/15)

Altars:

Annotations:
D:2 Sigmund


Message History

You are more confused.
You're too confused to move!
The orc wizard casts a spell.
The orc wizard flickers and vanishes!
You bump into the rock wall.
Something completely misses you. The orc closely misses you.
You slash something! Something hits you.
The orc hits you from afar with a +0 trident.
* * * LOW HITPOINT WARNING * * *
Something hits you but does no damage.
You're too confused to move!
A magic dart appears from out of thin air!
The magic dart hits you.
* * * LOW HITPOINT WARNING * * *
You feel less confused.
You hear some strange, mumbled words.
You are confused.
You bump into the rock wall.
You're too confused to move!
A magic dart appears from out of thin air!
The magic dart hits you but does no damage.
You bump into the rock wall.
You feel less confused.
You hear some strange, mumbled words.
A puff of flame appears from out of thin air!
The puff of flame hits you.
* * * LOW HITPOINT WARNING * * *
You hear some strange, mumbled words.
You are confused.
You bump into the rock wall.
You bump into the rock wall.
You hear some strange, mumbled words.
A puff of flame appears from out of thin air!
The puff of flame hits you.
* * * LOW HITPOINT WARNING * * *
The orc hits you from afar with a +0 trident.
* * * LOW HITPOINT WARNING * * *
You bump into the rock wall.
Something hits you but does no damage.
The orc hits you from afar with a +0 trident.
You die...

#.# #.# #.# #.#
... #o# #.####.#
..##..# #.#
#......# #......
#.###.####.#
#.....
#..........#
#.....
#####o######
##.##.# # #{#
##.##.# .# #@#
##.##.##.>######.#
##...............#
......###.######.#
.#...........###.#
......###........#
##..#.# #.#####..#
#..#.## #..#
#†.#..## ###..#


You could see an orc.

Vanquished Creatures
  Natasha (D:2)
  An adder (D:3)
  A worm (D:3)
  4 orcs (D:3)
  8 endoplasms
  A giant cockroach (D:3)
  2 goblins (D:2)
  5 hobgoblins
  4 jackals (D:1)
  A quokka (D:1)
  A ball python (D:1)
  6 bats
  3 frilled lizards
  5 kobolds
  4 rats
47 creatures vanquished.

Notes
Turn   | Place    | Note
-------+----------+-------------------------------------------
     0 | D:1      | Vriden the Human Berserker began the quest for the Orb.
     0 | D:1      | Reached XP level 1. HP: 18/18 MP: 1/1
   285 | D:1      | Reached XP level 2. HP: 21/24 MP: 2/2
   705 | D:1      | Reached XP level 3. HP: 29/29 MP: 3/3
   837 | D:1      | Reached ** piety under Trog
  1145 | D:2      | Noticed Natasha
  1164 | D:2      | Killed Natasha
  1165 | D:2      | Reached XP level 4. HP: 19/36 MP: 4/4
  1409 | D:2      | Noticed Sigmund
  1805 | D:3      | Reached skill level 4 in Axes
  2360 | D:3      | HP: 1/37 [orc/+0 trident (4)]
  2361 | D:3      | Slain by an orc

Illustrated notes

Levels and vault maps discovered:
D:1:      amcnicky_arrival_choice, layout_rooms
D:2:      layout_rooms, shapermc_ecumenical_altar_gd, uniq_crazy_yiuf_cottage,
          uniq_sigmund, uniq_natasha
D:3:      layout_basic, dreamdust_princess_bridge, minmay_misc_feat_square,
          hangedman_decor_points, kennysheep_generic_room_7, uniq_pargi

Skill      XL: |  1  2  3  4 |
---------------+-------------+-----
Axes           | 4 |  4.1
Fighting       | |  3.8
Armour         | |  2.2
Dodging        | |  2.3

Action                   |  1- 3 |  4- 6 || total
-------------------------+-------+-------++-------
Melee: Hand axe          |    75 |    80 ||   155
       Punch             |     1 |     2 ||     3
Throw: Stone             |     1 |       ||     1
  Use: Potion            |     1 |     3 ||     4
Armor: Animal skin       |    13 |       ||    13
       Chain mail        |    14 |    78 ||    92
Dodge: Dodged            |    40 |    60 ||   100

Table legend: (Time is in decaauts)
 A = Elapsed time spent in this place.
 B = Non-inter-level travel time spent in this place.
 C = Inter-level travel time spent in this place.
 D = Time resting spent in this place.
 E = Time spent auto-exploring this place.
 F = Levels seen in this place.
 G = Mean time per level.
                   A        B        C        D        E       F      G
               +--------+--------+--------+--------+--------+-----+--------+
         Total |   2379 |   2379 |      0 |      0 |   1053 |   3 |  793.0 |
       Dungeon |   2379 |   2379 |      0 |      0 |   1053 |   3 |  793.0 |
               +--------+--------+--------+--------+--------+-----+--------+

Top non-repeatable levels by time:
     D:1: 1147 daAuts
     D:3: 798 daAuts
     D:2: 434 daAuts
